 Dungeon Crawl Stone Soup version 0.30-a0-250-g41c1d76940 (webtiles) character file.

Game seed: 10417294598677839741

299 Snarg the Shooter (level 6, -3/51 HPs)
             Began as a Deep Elf Hexslinger on Oct 12, 2022.
             Was an Initiate of Fedhas.
             Slain by a gnoll
             ... wielding a +0 spear
              (6 damage)
             ... on level 5 of the Dungeon.
             The game lasted 00:17:46 (3252 turns).

Snarg the Shooter (Deep Elf Hexslinger)             Turns: 3252, Time: 00:17:47

Health: -3/51      AC:  3    Str:  7    XL:     6   Next: 13%
Magic:  9/11       EV: 13    Int: 18    God:    Fedhas [......]
Gold:   227        SH:  0    Dex: 17    Spells: 2/9 levels left

rFire   . . .      SeeInvis .    b - +0 dagger
rCold   . . .      Faith    .    (no shield)
rNeg    . . .      Spirit   .    c - +0 robe
rPois   .          Reflect  .    (no helmet)
rElec   .          Harm     .    s - +0 cloak
rCorr   .          Rampage  .    (no gloves)
Will    .....                    (no boots)
Stlth   ..........               (no amulet)
HPRegen 0.28/turn                (no ring)
MPRegen 0.12/turn                (no ring)

@: berserking, very quick
A: no striking features
a: Renounce Religion


You were on level 5 of the Dungeon.
You worshipped Fedhas.
Fedhas was noncommittal.
You visited 2 branches of the dungeon, and saw 6 of its levels.

You collected 227 gold pieces.

Inventory:

Hand Weapons
 a - a +2 sling of flaming
 b - a +0 dagger (weapon)
 o - a +0 short sword
 w - a +1 sling
Missiles
 i - 28 stones
Armour
 c - a +0 robe (worn)
 m - a +0 buckler
 s - a +0 cloak (worn)
Magical Staves
 e - a staff of death
Scrolls
 d - 3 scrolls of poison
 f - 4 scrolls of identify
 g - a scroll of teleportation
 h - a scroll of immolation {unknown}
 n - a scroll of magic mapping {unknown}
 p - a scroll of butterflies {unknown}
 q - a scroll of enchant armour
 t - 2 scrolls of enchant weapon
 x - a scroll of silence
Potions
 k - a potion of attraction
 l - 2 potions of haste
 r - a potion of brilliance
 u - 3 potions of curing
 v - a potion of flight
 z - a potion of lignification {unknown}


   Skills:
 + Level 1.0 Fighting
 + Level 1.3 Short Blades
 + Level 5.8 Ranged Weapons
 + Level 3.0 Dodging
 + Level 2.2 Stealth
 - Level 2.0 Spellcasting
 - Level 5.0 Hexes
 - Level 2.0 Translocations
 * Level 1.3 Fire Magic


You had 2 spell levels left.
You knew the following spells:

 Your Spells              Type           Power      Damage    Failure   Level
a - Slow                  Hex            76%        N/A       2%          1
b - Portal Projectile     Hex/Tloc       28%        N/A       13%         3
c - Inner Flame           Hex/Fire       13%        N/A       16%         3

Your spell library contained the following spells:

 Spells                   Type           Power      Damage    Failure   Level
 Apportation              Tloc           18%        N/A       8%          1
 Necrotise                Necr           4%         1d4       19%         1
 Shock                    Conj/Air       4%         1d3       19%         1
 Summon Small Mammal      Summ           4%         N/A       19%         1
 Cause Fear               Hex            9%         N/A       22%         4
 Swiftness                Air            1%         N/A       47%         3
 Airstrike                Air            0%         2d(1-17)  87%         4


Dungeon Overview and Level Annotations

Branches:
Dungeon (5/15)             Temple (1/1) D:5

Altars:
Ashenzari
Cheibriados
Dithmenos
Fedhas
Gozag
Makhleb
Qazlal
Sif Muna
Wu Jian
Xom
Yredelemnul
Zin

Annotations:
D:1 clr
D:2 clr
D:3 clr


Message History

The gnoll misses you. The gnoll attacks as you move away!
The gnoll hits you with a +0 flail. The gnoll attacks as you move away!
The gnoll hits you with a +0 flail!
The gnoll is no longer moving slowly.
The gnoll attacks as you move away! The gnoll barely misses you.
Casting: Slow (safe; 2% risk of failure)
Confirm with . or Enter, or press ? or * to list all spells.
Aiming: Slow (safe; 2% risk of failure)
Press: ? - help, Shift-Dir - straight line, f/p - gnoll
Aim: a gnoll, wielding a +0 spear (chance to affect: 61%)
The gnoll resists with significant effort.
The gnoll hits you with a +0 flail.
Casting: Slow (safe; 2% risk of failure)
Confirm with . or Enter, or press ? or * to list all spells.
Aiming: Slow (safe; 2% risk of failure)
Press: ? - help, Shift-Dir - straight line, f - gnoll, p - gnoll
Aim: a gnoll, wielding a +0 flail (heavily wounded, chance to affect: 61%)
The gnoll seems to slow down.
The gnoll hits you from afar with a +0 spear.
You hit the gnoll.
The gnoll is severely wounded.
The gnoll misses you. The gnoll hits you but does no damage.
You hit the gnoll but do no damage.
The gnoll is severely wounded.
The gnoll hits you with a +0 flail!
* * * LOW HITPOINT WARNING * * *
The gnoll barely misses you.
You closely miss the gnoll.
The gnoll is severely wounded.
The gnoll completely misses you.
You hit the gnoll.
The gnoll is severely wounded.
The gnoll hits you with a +0 flail!
* * * LOW HITPOINT WARNING * * *
The gnoll misses you.
A red film seems to cover your vision as you go berserk!
You feel yourself moving faster!
You feel mighty!
The gnoll hits you from afar with a +0 spear.
You die...
Fedhas appreciates your contribution to the ecosystem.

.#.....>..............<.?....#
.#.#...##...............####....
.......##.[.................. ..
###..............#....####^##
#....<.......###.##.# ..
#............#....#.# ..
...)................#.# .
..............##...##.^
......#...#...##@####.#
......#.⌠.#...##g# #.#
....###...###.##g####.#
...................#
.....⌠..>..⌠..#..#..#
.................##....
....###...###.#### #####
##....#.⌠.#...# ......#...#...#


You could see 2 gnolls.

Vanquished Creatures
  A bullfrog (D:4)
  A howler monkey (D:5)
  2 hounds
  7 adders
  A worm (D:2)
  4 dart slugs
  2 orcs
  9 ball pythons
  9 endoplasms
  A giant cockroach (D:4)
  7 goblins
  2 hobgoblins
  2 jackals (D:1)
  4 quokkas
  7 bats
  3 frilled lizards
  4 kobolds
  7 rats
73 creatures vanquished.

Notes
Turn   | Place    | Note
-------+----------+-------------------------------------------
     0 | D:1      | Snarg the Deep Elf Hexslinger began the quest for the Orb.
     0 | D:1      | Reached XP level 1. HP: 11/11 MP: 5/5
    83 | D:1      | Reached XP level 2. HP: 15/16 MP: 1/6
   319 | D:1      | Reached skill level 1 in Fighting
   631 | D:2      | Upgraded the game from 0.30-a0-242-g7bf8e6d787 to
                  | 0.30-a0-250-g41c1d76940
   632 | D:2      | Reached XP level 3. HP: 20/20 MP: 7/7
   652 | D:2      | Reached skill level 1 in Stealth
   716 | D:2      | Learned a level 3 spell: Portal Projectile
  1090 | D:2      | Reached XP level 4. HP: 11/25 MP: 6/9
  1178 | D:2      | Found a faded altar of an unknown god.
  1881 | D:3      | Reached skill level 1 in Translocations
  2256 | D:4      | Reached XP level 5. HP: 21/29 MP: 6/10
  2297 | D:4      | Learned a level 3 spell: Inner Flame
  2389 | D:4      | Reached skill level 5 in Ranged Weapons
  2389 | D:4      | Reached skill level 5 in Hexes
  2458 | D:4      | Noticed a phantom
  2607 | D:4      | Found a snail-covered altar of Cheibriados.
  2718 | D:5      | Entered Level 5 of the Dungeon
  2842 | D:5      | Reached skill level 1 in Short Blades
  2842 | D:5      | Reached skill level 1 in Fire Magic
  2923 | D:5      | Reached XP level 6. HP: 34/34 MP: 8/11
  2949 | D:5      | Found a staircase to the Ecumenical Temple.
  2959 | Temple   | Entered the Ecumenical Temple
  3173 | Temple   | Became a worshipper of Fedhas Madash
  3252 | D:5      | Slain by a gnoll

Illustrated notes

Levels and vault maps discovered:
D:1:      scummos_arrival_checkerplants, layout_basic, minmay_misc_feat_columns,
          nicolae_titane
D:2:      minmay_recursive_quarters, layout_basic, basic_ecumenical_altar
D:3:      layout_basic
D:4:      layout_basic, mainiacjoe_overflow_alcove_2, grunt_decor_cap
D:5:      layout_cave_pools, nemelex_xobeh_ov_fountains_minmay,
          lemuel_tele_altar, minmay_temple_entry_junction_2
Temple:   grunt_temple_mini_profane

Skill      XL: |  1  2  3  4  5 |
---------------+----------------+-----
Ranged Weapons | 3 4 5 |  5.8
Fighting       | 1 |  1.0
Stealth        | 2 |  2.2
Spellcasting   | 2 |  2.0
Translocations | 1 2 |  2.0
Hexes          | 5 |  5.0
Short Blades   | 1 |  1.3
Fire Magic     | 1 |  1.3
Dodging        | 3 |  3.0

Action                   |  1- 3 |  4- 6 || total
-------------------------+-------+-------++-------
Melee: Dagger            |    23 |    67 ||    90
       Punch             |       |     2 ||     2
 Fire: Sling             |   113 |    77 ||   190
 Cast: Slow              |    19 |    40 ||    59
  Use: Potion            |     1 |     1 ||     2
       Scroll            |       |    11 ||    11
 Stab: Sleeping          |     1 |     1 ||     2
Armor: Robe              |    27 |    10 ||    37
Dodge: Dodged            |    61 |    60 ||   121

Table legend: (Time is in decaauts)
 A = Elapsed time spent in this place.
 B = Non-inter-level travel time spent in this place.
 C = Inter-level travel time spent in this place.
 D = Time resting spent in this place.
 E = Time spent auto-exploring this place.
 F = Levels seen in this place.
 G = Mean time per level.
                   A        B        C        D        E       F      G
               +--------+--------+--------+--------+--------+-----+--------+
         Total |   3275 |   3074 |    201 |    179 |   1952 |   6 |  545.8 |
       Dungeon |   3037 |   2874 |    163 |    179 |   1863 |   5 |  607.4 |
        Temple |    237 |    199 |     38 |      0 |     89 |   1 |  237.0 |
               +--------+--------+--------+--------+--------+-----+--------+

Top non-repeatable levels by time:
     D:2: 958 daAuts
     D:4: 638 daAuts
     D:3: 597 daAuts
     D:1: 592 daAuts
     D:5: 249 daAuts
  Temple: 237 daAuts
